AoeStats
← LA RATA

Oasis

509917351Analyzed
2v2 RM · 3d ago on Sep 28, 2026· 42m 19s· 4 players
Game mode
Random Map
Map size
Medium (4 player)
Population
200
Speed
Normal
Resources
Standard
Victory
Conquest
Starting age
Dark Age
Ending age
Imperial Age
RankedLock teamsTeams togetherTeam positionsShared explorationLock speedFull tech treeHidden civsTurbo modeCheats
Victory
Defeat
🇦🇷 Georgians · Argentina
1052
+15
🇦🇷 Franks · Argentina
1049
+15
🇸🇪 Saxons · Sweden
1036
-15
🇸🇪 Wei · Sweden
1031
-15
Kvintus pappa
3:10 Loom
10:28 Feudal Age
11:01 Double-Bit Axe
11:15 Man-at-Arms
12:13 Horse Collar
22:41 Castle Age
24:54 Light Cavalry
25:45 Bloodlines
26:33 Forging
26:23 Scale Mail Armor
26:53 Scale Barding Armor
29:11 Iron Casting
29:10 Bow Saw
30:20 Gold Mining
31:12 Squires
31:47 Town Watch
33:08 Gold Shaft Mining
32:39 Heavy Plow
32:23 Pikeman
34:24 Husbandry
38:52 Wheelbarrow
Negbert
3:16 Loom
4:16 Loom
9:41 Feudal Age
10:58 Double-Bit Axe
14:58 Horse Collar
24:43 Castle Age
23:21 Forging
23:58 Gold Mining
24:45 Scale Barding Armor
26:31 Bloodlines
25:45 Pikeman
28:20 Squires
31:53 Bow Saw
36:58 Scale Mail Armor
LA RATA
5:15 Loom
9:10 Feudal Age
10:02 Double-Bit Axe
20:06 Castle Age
20:15 Wheelbarrow
20:23 Bloodlines
21:23 Bow Saw
21:05 Stone Mining
22:35 Bloodlines
22:27 Husbandry
22:23 Town Watch
23:47 Hand Cart
23:53 Horse Collar
28:09 Ballistics
27:46 Murder Holes
27:58 Fletching
29:06 Svan Towers
33:29 Scale Barding Armor
33:35 Forging
35:47 Bodkin Arrow
40:42 Chain Barding Armor
40:32 Forging
42:05 Gold Mining
42:51 Stone Shaft Mining
PanchiTop
8:34 Loom
10:47 Feudal Age
14:20 Double-Bit Axe
23:36 Castle Age
21:28 Gold Mining
21:28 Stone Mining
22:53 Scale Barding Armor
22:59 Forging
22:56 Fletching
23:06 Padded Archer Armor
25:01 Husbandry
24:24 Pikeman
25:29 Chain Barding Armor
25:45 Iron Casting
26:08 Bow Saw
27:03 Wheelbarrow
28:12 Gold Shaft Mining
28:11 Elite Skirmisher
31:17 Leather Archer Armor
32:29 Ballistics
32:09 Bodkin Arrow
32:29 Leather Archer Armor
32:35 Hand Cart
40:05 Imperial Age
37:43 Murder Holes
39:47 Town Watch
40:15 Cavalier
41:34 Plate Barding Armor
42:00 Blast Furnace
42:09 Chemistry
Connection lost

Rejoining the realm…

Still unreachable

The connection could not be restored.

Session expired

The server has moved on; the page needs a fresh start.